 Dungeon Crawl Stone Soup version 0.20.1-1-g8b1a95d (webtiles) character file.

66 letownia2 the Grave Robber (level 3, -5/28 HPs)
             Began as a Deep Dwarf Necromancer on Nov 5, 2017.
             Was an Initiate of Gozag.
             Slain by a howler monkey (7 damage)
             ... in the Ecumenical Temple.
             The game lasted 00:03:50 (1343 turns).

letownia2 the Grave Robber (Deep Dwarf Necromancer) Turns: 1343, Time: 00:03:51

Health: -5/28      AC:  2    Str: 11    XL:     3   Next: 96%
Magic:  1/7        EV: 12    Int: 16    God:    Gozag
Gold:   47         SH:  0    Dex: 13    Spells: 3/7 levels left

rFire    . . .     SeeInvis .   (no weapon)
rCold    . . .     Gourm    .   (no shield)
rNeg     . . .     Faith    .   a - +0 robe
rPois    .         Spirit   .   (no helmet)
rElec    .         Reflect  .   (no cloak)
rCorr    .         Harm     .   (no gloves)
MR       .....                  (no boots)
Stlth    ++........             (no amulet)
Regen    0.0/turn               (no ring)
MPRegen  0.1/turn               (no ring)

@: non-regenerating
A: damage resistance, heal wounds, sense surroundings 1, no regeneration
a: Heal Wounds, Potion Petition, Call Merchant, Bribe Branch, Renounce Religion


You were in the Ecumenical Temple.
You worshipped Gozag.
Gozag was noncommittal.
You were not hungry.

You visited 2 branches of the dungeon, and saw 5 of its levels.

You collected 89 gold pieces.
You paid 42 gold pieces to Gozag.

Inventory:

Missiles
 n - 5 javelins (quivered)
Armour
 a - a +0 robe (worn)
 j - a +0 cloak
Scrolls
 d - 6 scrolls of identify {unknown}
 f - a scroll of magic mapping {unknown}
 i - 2 scrolls of enchant armour {unknown}
 l - a scroll of amnesia {unknown}
Potions
 e - a potion of flight {unknown}
 g - a potion of haste {unknown}
Books
 b - a book of Necromancy

   Spells                             Type                      Level
   a - Pain                           Necromancy                   1
   b - Animate Skeleton               Necromancy                   1
   c - Vampiric Draining              Necromancy                   3
   d - Regeneration                   Charms/Necromancy            3
   e - Animate Dead                   Necromancy                   4
   f - Control Undead                 Necromancy                   4
 h - a book of Cantrips

   Spells                             Type                      Level
   a - Confusing Touch                Hexes                        1
   b - Animate Skeleton               Necromancy                   1
   c - Summon Small Mammal            Summoning                    1
   d - Apportation                    Translocation                1
Comestibles
 c - 3 bread rations
 k - 4 fruits
 m - 2 meat rations
 o - a chunk of flesh


   Skills:
 - Level 2.1 Dodging
 - Level 2.4 Stealth
 + Level 2.6 Spellcasting
 + Level 5.4 Necromancy


You had 3 spell levels left.
You knew the following spells:

 Your Spells              Type           Power        Failure   Level  Hunger
a - Pain                  Necr           ###.         1%          1    #......
v - Vampiric Draining     Necr           ###.......   6%          3    ###....


Dungeon Overview and Level Annotations

Branches:
Dungeon (4/15)             Temple (1/1) D:4

Altars:
Ashenzari
Cheibriados
Dithmenos
Elyvilon
Gozag
Hepliaklqana
Makhleb
Sif Muna
Vehumet
The Shining One


Innate Abilities, Weirdness & Mutations

You are resistant to damage.
You can heal yourself by infusing magical energy.
You passively map a small area around you.
You do not regenerate.


Message History

Press: ? - help, Shift-Dir - straight line, f/p - howler monkey
Aim: a howler monkey (heavily wounded, catching its breath, chance to defeat MR: 84%)
The howler monkey writhes in agony!
The howler monkey hits you but does no damage.
Unknown command.
Unknown command.
Casting: Pain
Confirm with . or Enter, or press ? or * to list all spells.
Aiming: Pain
Press: ? - help, Shift-Dir - straight line, f/p - howler monkey
Aim: a howler monkey (severely wounded, catching its breath, chance to defeat MR: 84%)
The howler monkey barely resists.
The howler monkey hits you.
Unknown command.
Unknown command.
Unknown command.
The howler monkey hits you.
There is an open gate here.
The howler monkey hits you!
You die...
Your body crumbles into a pile of gold.

≈ , ≈≈≈≈≈≈≈≈≈....... ,
≈≈≈≈≈≈≈≈..P...PP , ,
≈≈≈≈≈≈≈≈....... #######,
≈≈≈≈≈≈........###.....###,
≈≈≈≈≈.......###..._.....##
≈≈≈≈.......##........._...
≈≈≈≈≈.♣....'..._........_.
,
≈≈≈≈≈..<...'..h@..._.⌠....
≈≈≈≈≈....P..'..._........_.
≈≈≈≈.......##........._...
≈≈≈≈≈.......###..._.....##
≈≈≈≈≈≈......P.###.....###
≈≈≈≈≈≈≈........ #######, ,
,, ≈≈≈≈≈≈≈≈........
≈≈≈≈≈≈≈≈≈≈≈...... , , , , ≈
, , ,


You could see a howler monkey.

Vanquished Creatures
  A worker ant (D:3)
  A gnoll (D:2)
  2 adders (D:4)
  3 bats
  2 giant cockroaches
  A goblin (D:2)
  2 hobgoblins
  3 frilled lizards (D:1)
  A rat (D:3)
16 creatures vanquished.

Notes
Turn   | Place    | Note
-------+----------+-------------------------------------------
     0 | D:1      | letownia2 the Deep Dwarf Necromancer began the quest for the Orb.
     0 | D:1      | Reached XP level 1. HP: 15/15 MP: 3/3
   317 | D:2      | Reached XP level 2. HP: 20/22 MP: 0/5
   444 | D:3      | Found a shadowy altar of Dithmenos.
   523 | D:3      | Reached skill level 5 in Necromancy
   640 | D:3      | Reached XP level 3. HP: 18/28 MP: 0/6
   710 | D:3      | Learned a level 3 spell: Vampiric Draining
  1284 | D:4      | Found a staircase to the Ecumenical Temple.
  1298 | Temple   | Entered the Ecumenical Temple
  1313 | Temple   | Became a worshipper of Gozag Ym Sagoz the Greedy
  1343 | Temple   | Slain by a howler monkey

Skill      XL: |  1  2 |
---------------+-------+-----
Spellcasting   | 2 |  2.6
Necromancy     | 5 |  5.4
Dodging        | |  2.1
Stealth        | |  2.4

Action                   || total
-------------------------++-------
Throw: Javelin           ||     1
 Cast: Pain              ||    52
  Eat: Chunk             ||     2
Armor: Robe              ||     9
Dodge: Dodged            ||    15
